 Dungeon Crawl Stone Soup version 0.17-a0-1831-gaadb308 (webtiles) character file.

344 luca467 the Grave Robber (level 6, -2/41 HPs)
             Began as a Mummy Necromancer on Sept 14, 2015.
             Killed by divine providence
             ... invoked by an orc priest
              (13 damage)
             ... on level 5 of the Dungeon.
             The game lasted 00:30:48 (5247 turns).

luca467 the Grave Robber (Mummy Necromancer)        Turns: 5247, Time: 00:30:49

Health: -2/41      AC:  4    Str: 12    XL:     6   Next: 31%
Magic:  11/12      EV: 13    Int: 16    God:
Gold:   193        SH:  0    Dex: 12    Spells: 3 memorised, 6 levels left

rFire  x . .     SeeInvis .     p - staff of death
rCold  + . .     Clarity  .     a - +0 robe
rNeg   + + +     SustAt   .     (no shield)
rPois  ∞         Gourm    .     h - +0 helmet
rElec  .         Spirit   .     c - +0 cloak
rCorr  .         Warding  .     (no gloves)
rMut   .         Stasis   .     (no boots)
MR     .....                    (no amulet)
Stlth  ++........               (no ring)
                                (no ring)

@: not resistant to hostile enchantments, unstealthy
A: no food or potions, fire vulnerability, cold resistance 1, negative energy
resistance 3, torment resistance, unbreathing
a: no special abilities


You were on level 5 of the Dungeon.
You were not hungry.

You visited 1 branch of the dungeon, and saw 5 of its levels.

You collected 193 gold pieces.

Inventory:

Hand weapons
 e - a +0 dagger
Armour
 a - a +0 robe (worn)
 c - a +0 cloak (worn)
 h - a +0 helmet (worn)
 j - a +0 hat
 o - a +1 pair of boots
Magical staves
 p - an uncursed staff of death (weapon)
Jewellery
 f - an uncursed amulet of resist mutation
 n - an uncursed ring of poison resistance {unknown}
 q - an uncursed amulet of resist corrosion {unknown}
 r - a cursed -2 ring of protection {unknown}
Magical devices
 s - a wand of lightning (8)
Scrolls
 d - a scroll of enchant weapon {unknown}
 g - a scroll of fear
 i - 3 scrolls of teleportation
 k - 2 scrolls of recharging
 l - a scroll of remove curse
 m - 2 scrolls of random uselessness {unknown}
Books
 b - a book of Necromancy

   Spells                             Type                      Level
   a - Pain                           Necromancy                   1
   b - Animate Skeleton               Necromancy                   1
   c - Vampiric Draining              Necromancy                   3
   d - Regeneration                   Charms/Necromancy            3
   e - Animate Dead                   Necromancy                   4
   f - Control Undead                 Necromancy                   4


   Skills:
 + Level 2.9 Dodging
 - Level 1.5 Stealth
 * Level 4.6 Spellcasting
 + Level 5.1 Necromancy


You had 6 spell levels left.
You knew the following spells:

 Your Spells              Type           Power        Failure   Level  Hunger
a - Pain                  Necr           ####         1%          1    N/A
b - Vampiric Draining     Necr           ####......   8%          3    N/A
c - Animate Dead          Necr           N/A          21%         4    N/A

Dungeon Overview and Level Annotations

Branches:
Dungeon (5/15)
 Temple: D:4-7

Altars:
Ashenzari
Makhleb
Qazlal
Vehumet

Annotations:
D:5 Grinder


Innate Abilities, Weirdness & Mutations

You do not eat or drink.
Your flesh is vulnerable to fire.
You are immune to poison.
Your flesh is cold resistant.
You are immune to negative energy.
You are immune to unholy pain and torment.
You can survive without breathing.


Message History

You struggle to resist.
The orc priest hits you.
Grinder gestures.
Grinder blinks!
The orc priest calls down the wrath of Beogh upon you.
Something smites you!
* * * LOW HITPOINT WARNING * * *
You hear a shout!
You can move again.
Casting: Pain
Confirm with . or Enter, or press ? or * to list all spells.
Aiming: Pain
Press: ? - help, Shift-Dir - straight line, f/p - orc priest
Aim: an orc priest (heavily wounded, chance to defeat MR: 84%)
You feel a surge of power!
The orc priest convulses in agony!
The orc priest hits you.
* * * LOW HITPOINT WARNING * * *
The orc priest mumbles some strange prayers to Beogh against you.
Something smites you!
You die...

#......<#...._....#######
#..####.#.#.....###
#..####...#§...≈#
#.........###.#####
#....#....#.......#
###.†..#.5..o.#.###.#
#...........###.#
#......###.>###.# #
#...#.....@o....# ...
##.######.......###..#
#.# #............# #.#
#.......##...... #.#
#.......# ..... #.#
#.......# .... #.
#.......# .#. #........
.. .?....### #


You could see Grinder and 2 orc priests.

Vanquished Creatures
  An ogre (D:4)
  2 hounds (D:4)
  An orc wizard (D:3)
  8 adders
  2 worms
  4 giant geckos (D:4)
  10 orcs
  A ball python (D:1)
  10 bats
  9 giant cockroaches
  10 goblins
  6 hobgoblins
  7 jackals
  6 kobolds
  2 giant newts
  A quokka (D:4)
  10 rats
90 creatures vanquished.

Vanquished Creatures (collateral kills)
  An orc (D:3)
1 creature vanquished.

Grand Total: 91 creatures vanquished

Notes
Turn   | Place    | Note
--------------------------------------------------------------
     0 | D:1      | luca467 the Mummy Necromancer began the quest for the Orb.
     0 | D:1      | Reached XP level 1. HP: 13/13 MP: 3/3
   455 | D:1      | Reached XP level 2. HP: 16/19 MP: 1/5
  1147 | D:2      | Reached XP level 3. HP: 24/24 MP: 2/6
  1152 | D:2      | Learned a level 3 spell: Vampiric Draining
  2158 | D:3      | Found a faded altar to an unknown god.
  2209 | D:3      | Reached XP level 4. HP: 30/30 MP: 3/8
  2766 | D:3      | Learned a level 4 spell: Animate Dead
  3003 | D:3      | Found a shattered altar of Ashenzari.
  3007 | D:3      | Found a radiant altar of Vehumet.
  3011 | D:3      | Found a burning altar of Makhleb.
  3274 | D:3      | Reached XP level 5. HP: 28/35 MP: 2/10
  3541 | D:4      | Noticed a phantom
  3547 | D:4      | Noticed a phantom
  3652 | D:4      | Noticed an ogre
  3736 | D:4      | Killed an ogre
  3736 | D:4      | Reached skill level 5 in Necromancy
  3854 | D:4      | Reached XP level 6. HP: 17/41 MP: 0/12
  5088 | D:5      | Entered Level 5 of the Dungeon
  5088 | D:5      | Noticed Grinder
  5185 | D:5      | Found a stormy altar of Qazlal.
  5241 | D:5      | Paralysed by Grinder for 6 turns
  5247 | D:5      | Killed from afar by an orc priest

Vault maps used:
D:1:      onia_arrival_mini_maze_b
D:2:      hangedman_decor_clover_reticule, kennysheep_generic_room_16
D:3:      grunt_temple_overflow_diamond, ecumenical_altar_2, first_bread
D:4:      portal_sewer_entry_f
D:5:      temple_statues, grunt_qazlal_clouds, uniq_sigmund, uniq_edmund,
          uniq_grinder

Action                   |  1- 3 |  4- 6 || total
-------------------------+-------+-------++-------
Melee: Unarmed           |    15 |       ||    15
       Dagger            |    20 |    39 ||    59
       Staff             |       |     1 ||     1
 Cast: Pain              |    81 |   129 ||   210
       Vampiric Draining |     1 |     1 ||     2
       Animate Dead      |       |     3 ||     3
  Use: Scroll            |     8 |       ||     8
 Stab: Sleeping          |     1 |       ||     1
